 Dungeon Crawl Stone Soup version 0.22.0-49-gab54619 (webtiles) character file.

144 Fang the Chopper (level 5, 0/33 HPs)
             Began as a Gargoyle Berserker on Sept 4, 2018.
             Was a Believer of Trog.
             Slain by a gnoll
             ... wielding a +0 halberd
              (8 damage)
             ... on level 2 of the Dungeon.
             The game lasted 00:03:43 (1080 turns).

Fang the Chopper (Gargoyle Berserker)               Turns: 1080, Time: 00:03:43

Health: 0/33       AC:  6    Str: 21    XL:     5   Next: 26%
Magic:  5/5        EV: 12    Int:  8    God:    Trog [**....]
Gold:   72         SH:  0    Dex:  9    Spells: 4/4 levels left

rFire    . . .     SeeInvis .   e - +1 hand axe (drain)
rCold    . . .     Gourm    .   (no shield)
rNeg     + . .     Faith    +   b - +0 animal skin
rPois    ∞         Spirit   .   (no helmet)
rElec    +         Reflect  .   (no cloak)
rCorr    .         Harm     .   (no gloves)
MR       .....     Rnd*Tele +   (no boots)
Stlth    +.........             i - amulet of faith
HPRegen  0.11/turn              j - ring of teleportation (curse)
MPRegen  0.09/turn              (no ring)

@: berserk cooldown, slowed, very slow
A: negative energy resistance 1, electricity resistance, unbreathing,
petrification resistance, rot immunity, AC +4
a: Berserk, Trog's Hand, Renounce Religion


You were on level 2 of the Dungeon.
You worshipped Trog.
Trog was pleased with you.
You were near starving.

You visited 1 branch of the dungeon, and saw 2 of its levels.

You collected 72 gold pieces.

Inventory:

Hand Weapons
 a - a +0 hand axe
 e - a +1 hand axe of draining (weapon)
Armour
 b - a +0 animal skin (worn)
Jewellery
 i - an amulet of faith (around neck)
 j - a cursed ring of teleportation (left hand)
Scrolls
 g - a scroll of identify
Potions
 d - 2 potions of curing
 f - a potion of mutation {unknown}
 k - 2 potions of might
Comestibles
 c - 4 rations


   Skills:
 + Level 3.9 Fighting
 + Level 4.1 Axes
 + Level 2.5 Armour
 + Level 2.4 Dodging
 + Level 1.4 Stealth


You had 4 spell levels left.
You didn't know any spells.
Your spell library was empty.

Dungeon Overview and Level Annotations

Branches:
Dungeon (2/15)

Altars:


Innate Abilities, Weirdness & Mutations

You are resistant to torment.
Your stone body is resilient. (AC +4)
You are immune to poison.
You resist negative energy. (rN+)
You are resistant to electric shocks. (rElec)
You can survive without breathing.
You are immune to petrification.
You are immune to rotting.


Message History

The gnoll shouts!
A gnoll comes into view. It is wielding a halberd.
The gnoll shouts!
The gnoll barely misses you.
A gnoll comes into view. It is wielding a club.
The gnoll shouts!
Okay, then.
As you read the scroll labeled IWIL SOLEAL, it crumbles to dust.
You hear a loud clanging noise!
It was a scroll of noise.
As you read the scroll labeled IVICEZXUJU, it crumbles to dust.
It is a scroll of identify.
k - 2 potions of might The gnoll closely misses you. x2; The gnoll barely misses you.
The gnoll misses you.
As you read the scroll of identify, it crumbles to dust.
d - 2 potions of curing The gnoll barely misses you.
The gnoll hits you from afar with a halberd!
You die...

###### #########
.....# #........
.....# #........
.....# #.g......
..#.## #gg...... ###.#
##### #@g...... #.##
###...###........
#..###..<.............
##.....#...###........
# ##..###...#
#........ .## #..#
##### ####.####
..####.# .# #..##..##
.# ........#####


You could see 4 gnolls.

Vanquished Creatures
  An ogre (D:2)
  An adder (D:2)
  A worm (D:2)
  3 leopard geckos (D:1)
  3 giant cockroaches (D:1)
  5 hobgoblins (D:1)
  7 kobolds
  7 bats
  3 frilled lizards (D:1)
  10 goblins
  2 rats
43 creatures vanquished.

Notes
Turn   | Place    | Note
-------+----------+-------------------------------------------
     0 | D:1      | Fang the Gargoyle Berserker began the quest for the Orb.
     0 | D:1      | Reached XP level 1. HP: 14/14 MP: 1/1
   119 | D:1      | Reached XP level 2. HP: 19/19 MP: 2/2
   130 | D:1      | Reached skill level 3 in Axes
   188 | D:1      | Reached skill level 1 in Stealth
   275 | D:1      | Reached XP level 3. HP: 19/23 MP: 3/3
   559 | D:1      | Reached ** piety under Trog
   976 | D:2      | Reached XP level 4. HP: 27/28 MP: 4/4
  1049 | D:2      | Noticed an ogre
  1058 | D:2      | Killed an ogre
  1058 | D:2      | Reached skill level 4 in Axes
  1058 | D:2      | Reached XP level 5. HP: 6/33 MP: 5/5
  1080 | D:2      | Slain by a gnoll

Skill      XL: |  1  2  3  4 |
---------------+-------------+-----
Axes           | 3 4 |  4.1
Stealth        | 1 |  1.4
Dodging        | 2 |  2.4
Fighting       | |  3.9
Armour         | |  2.5

Action                   |  1- 3 |  4- 6 || total
-------------------------+-------+-------++-------
Melee: Hand axe          |   103 |    15 ||   118
Invok: Berserk           |       |     1 ||     1
  Use: Scroll            |       |     3 ||     3
 Stab: Sleeping          |     1 |       ||     1
Armor: Animal skin       |    44 |     2 ||    46
Dodge: Dodged            |    91 |    11 ||   102
